 Dungeon Crawl Stone Soup version 0.28.0-1-gb440e238dd (webtiles) character file.

Game seed: 6981234129633050066

4521 zeram the Protected (level 10, -6/61 HPs)
             Began as a Gargoyle Fighter on Feb 26, 2022.
             Was an Initiate of Yredelemnul.
             Mangled by a two-headed ogre (12 damage)
             ... on level 7 of the Dungeon.
             The game lasted 00:11:17 (7846 turns).

zeram the Protected (Gargoyle Fighter)              Turns: 7846, Time: 00:11:18

Health: -6/61      AC: 23    Str: 29    XL:     10   Next: 39%
Magic:  10/10      EV:  9    Int: 16    God:    Yredelemnul [......]
Gold:   222        SH:  6    Dex:  9    Spells: 9/9 levels left

rFire   + . .      SeeInvis .   m - +2 hand axe (elec)
rCold   + . .      Faith    .   c - +1 buckler
rNeg    + . .      Spirit   .   q - +0 plate armour
rPois   ∞          Reflect  .   (no helmet)
rElec   +          Harm     .   t - scarf {rC+ rF+}
rCorr   .          Rampage  .   s - +0 pair of gloves
Will    .....                   r - +0 pair of boots
Stlth   ..........              (no amulet)
HPRegen 0.20/turn               g - +6 ring of strength
MPRegen 0.12/turn               l - +6 ring of intelligence

@: mighty, hasted, studying Dodging, very quick
A: sickness immunity, AC +7, negative energy resistance 1, electricity
resistance, torment resistance 1, petrification resistance
a: Renounce Religion, Recall Undead Harvest


You were on level 7 of the Dungeon.
You worshipped Yredelemnul.
Yredelemnul was noncommittal.
You visited 2 branches of the dungeon, and saw 8 of its levels.

You collected 222 gold pieces.

Inventory:

Hand Weapons
 a - a +0 flail
 d - a +2 whip of freezing
 m - a +2 hand axe of electrocution (weapon)
 y - a +0 vampiric whip
Missiles
 v - a throwing net (quivered)
Armour
 b - a +0 scale mail
 c - a +1 buckler (worn)
 e - the +0 scale mail "Qahuotro" {Stlth+}
   (You found it on level 3 of the Dungeon)

   Stlth:     It makes you more stealthy.
 q - a +0 plate armour (worn)
 r - a +0 pair of boots (worn)
 s - a +0 pair of gloves (worn)
 t - a scarf of resistance (worn)
Jewellery
 g - a +6 ring of strength (left hand)
 j - a +6 ring of intelligence
 l - a +6 ring of intelligence (right hand)
 w - a ring of positive energy
Wands
 p - a wand of flame (20)
 A - a wand of charming (7)
Scrolls
 i - a scroll of summoning
 k - a scroll of teleportation
 n - 3 scrolls of immolation
 x - a scroll of amnesia
Potions
 f - a potion of attraction
 z - a potion of haste


   Skills:
 + Level 6.7 Fighting
 + Level 7.9(8.1) Axes
 + Level 2.9(6.2) Maces & Flails
 + Level 8.5 Armour
 * Level 7.5 Dodging
 + Level 6.0 Shields


You had 9 spell levels left.
You didn't know any spells.
Your spell library contained the following spells:

 Spells                   Type           Power      Damage    Failure   Level
 Foxfire                  Conj/Fire      0%         2x1d4     95%         1
 Slow                     Hex            0%         N/A       95%         1
 Confusing Touch          Hex            0%         N/A       100%        3
 Conjure Flame            Conj/Fire      0%         6-21      100%        3
 Inner Flame              Hex/Fire       0%         N/A       100%        3
 Vampiric Draining        Necr           0%         2d6       100%        3
 Flame Wave               Conj/Fire      0%         2d4       100%        4


Dungeon Overview and Level Annotations

Branches:
Dungeon (7/15)             Temple (1/1) D:6

Altars:
Ashenzari
Cheibriados
Dithmenos
Elyvilon
Fedhas
Gozag
Hepliaklqana
Kikubaaqudgha
Makhleb
Nemelex Xobeh
Okawaru
Qazlal
Ru
Sif Muna
Trog
Uskayaw
Vehumet
Wu Jian
Xom
Yredelemnul
Zin
The Shining One


Innate Abilities, Weirdness & Mutations

You are immune to sickness and miasma.
Your stone body is resilient. (AC +7)
You are immune to poison.
You resist negative energy. (rN+)
You are resistant to electric shocks. (rElec)
You are resistant to unholy torment.
You are immune to petrification.


Message History

The puff of flame hits the two-headed ogre.
The two-headed ogre is moderately wounded.
Cleave: m) +2 hand axe (elec)
Press: ? - help, Dir - move target, f - you, p - two-headed ogre Your weapon can't reach that far!
Unknown command.
The two-headed ogre barely misses your gnoll zombie.
The two-headed ogre hits your gnoll zombie with a +0 giant club!
Your gnoll zombie hits the two-headed ogre but does no damage.
Things that are here:
a +0 chain mail; a +0 club Cleave: m) +2 hand axe (elec)
Press: ? - help, Dir - move target, f - you, p - two-headed ogre
Okay, then.
Your gnoll zombie closely misses the two-headed ogre.
You see here a +0 club.
You block the two-headed ogre's attack.
The two-headed ogre hits you with a +0 giant club.
* * * LOW HITPOINT WARNING * * *
Aiming: Charm
Press: ? - help, Shift-Dir - straight line, f/p - two-headed ogre
Aim: a two-headed ogre, wielding two +0 giant clubs (moderately wounded, chance to affect: 31%)
Okay, then.
You feel much better.
The two-headed ogre hits you with a +0 giant club!
The two-headed ogre barely misses you.
You feel very mighty all of a sudden.
The two-headed ogre hits you with a +0 giant club!
* * * LOW HITPOINT WARNING * * *
The two-headed ogre hits you with a +0 giant club!
* * * LOW HITPOINT WARNING * * *
You barely miss the two-headed ogre.
The two-headed ogre is moderately wounded.
Okay, then.
Okay, then.
Okay, then.
You feel yourself speed up. You block the two-headed ogre's attack.
The two-headed ogre hits you with a +0 giant club!
You die...
Your body rises from the dead as a mindless zombie.

...........................<..###
........############..........#
........#..........#..........#
........ ..........#..........#
....... ..........#..........#
....... #########'#..........#
......# #######..#..........#
......# #<[......#....####+##
......# +....O@..#....+
......#+###))##.........#
........................#
###+#####+#####+###.....#
#...###8.8.8# #.....#
#)Z#.Z#.8.8.# #.....#
'##[##Z8)8.8+ +.....#
#Z.#.Z#Z8.8.# #.....#
###.ZZ#8Z8Z8# #.O...+


You could see a two-headed ogre.

Vanquished Creatures
  Pikel (D:5)
  2 komodo dragons
  A troll (D:7)
  Prince Ribbit (D:5)
  A vampire mosquito (D:7)
  3 water moccasins
  An ice beast (D:5)
  3 orc warriors
  2 necrophages (D:5)
  3 ogres
  2 centaurs (D:7)
  A lemure (D:5)
  2 phantoms
  3 bullfrogs
  A gnoll sergeant (D:7)
  A scorpion (D:4)
  A wyvern zombie (D:6)
  A water moccasin skeleton (D:5)
  2 wyvern skeletons
  2 hounds
  A jelly (D:6)
  2 centaur zombies
  3 orc priests
  A bullfrog skeleton (D:5)
  Terence (D:2)
  4 iguanas
  2 orc wizards
  9 gnolls
  3 adders
  2 howler monkey skeletons
  A white imp (D:6)
  An adder skeleton (D:4)
  A worm (D:2)
  7 dart slugs
  13 orcs
  4 bats
  9 endoplasms
  4 giant cockroaches
  6 goblins
  7 hobgoblins
  2 quokkas (D:4)
  6 ball pythons
  4 frilled lizards
  8 kobolds
  6 rats
141 creatures vanquished.

Vanquished Creatures (collateral kills)
  A manticore (D:7)
  An iguana (D:7)
2 creatures vanquished.

Vanquished Creatures (others)
  A komodo dragon zombie (D:7)
  A water moccasin zombie (D:7)
  2 centaur zombies (D:7)
  2 bullfrog zombies (D:7)
  2 gnoll zombies (D:7)
  2 orc zombies (D:7)
  An iguana zombie (D:7)
  8 plants (D:6)
19 creatures vanquished.

Grand Total: 162 creatures vanquished

Notes
Turn   | Place    | Note
-------+----------+-------------------------------------------
     0 | D:1      | zeram the Gargoyle Fighter began the quest for the Orb.
     0 | D:1      | Reached XP level 1. HP: 14/14 MP: 1/1
   217 | D:1      | Reached XP level 2. HP: 14/19 MP: 2/2
   890 | D:2      | Reached XP level 3. HP: 21/24 MP: 3/3
  1031 | D:2      | Noticed Terence
  1038 | D:2      | Killed Terence
  1283 | D:2      | Reached XP level 4. HP: 29/29 MP: 4/4
  2006 | D:3      | Found a faded altar of an unknown god.
  2049 | D:3      | Identified the +0 scale mail "Qahuotro" {Stlth+}
  2127 | D:3      | Reached skill level 4 in Armour
  2561 | D:3      | Identified a scroll of acquirement
  2561 | D:3      | Acquired a manual of Dodging
  2654 | D:4      | Reached skill level 1 in Axes
  2654 | D:4      | Reached XP level 5. HP: 32/33 MP: 5/5
  2672 | D:4      | Noticed an ogre
  2693 | D:4      | Killed an ogre
  2694 | D:4      | Reached skill level 1 in Dodging
  2694 | D:4      | Reached XP level 6. HP: 15/38 MP: 6/6
  2986 | D:4      | Identified the +2 robe of Suiny {rElec rC+ Int-4 Slay+2}
  3566 | D:5      | Entered Level 5 of the Dungeon
  3655 | D:5      | Found a sparkling altar of Nemelex Xobeh.
  3655 | D:5      | Noticed a necrophage
  3661 | D:5      | Killed a necrophage
  3662 | D:5      | Reached XP level 7. HP: 30/44 MP: 7/7
  3764 | D:5      | Found a broken altar of Ashenzari.
  3767 | D:5      | Found a shimmering altar of Xom.
  3770 | D:5      | Found an ancient bone altar of Kikubaaqudgha.
  3794 | D:5      | Noticed Pikel
  3815 | D:5      | Killed Pikel
  3816 | D:5      | Reached skill level 5 in Armour
  3816 | D:5      | Reached XP level 8. HP: 34/48 MP: 8/8
  3837 | D:5      | Reached skill level 5 in Axes
  3843 | D:5      | Reached skill level 5 in Fighting
  4227 | D:5      | Noticed Prince Ribbit
  4246 | D:5      | Killed Prince Ribbit
  4247 | D:5      | Reached skill level 6 in Armour
  4538 | D:5      | Reached skill level 5 in Dodging
  4842 | D:5      | Reached XP level 9. HP: 54/54 MP: 9/9
  5186 | D:6      | Reached skill level 5 in Shields
  6200 | D:6      | Reached skill level 7 in Armour
  6361 | D:6      | Found a staircase to the Ecumenical Temple.
  6365 | D:6      | Noticed a komodo dragon
  6374 | D:6      | Killed a komodo dragon
  6390 | Temple   | Entered the Ecumenical Temple
  6476 | Temple   | Became a worshipper of Yredelemnul the Dark
  7320 | D:7      | Reached * piety under Yredelemnul
  7328 | D:7      | Reached ** piety under Yredelemnul
  7486 | D:7      | Reached XP level 10. HP: 58/60 MP: 10/10
  7648 | D:7      | Reached *** piety under Yredelemnul
  7660 | D:7      | Reached skill level 8 in Armour
  7752 | D:7      | Noticed a cyclops
  7752 | D:7      | Noticed a manticore
  7752 | D:7      | Noticed a boulder beetle
  7752 | D:7      | Noticed a two-headed ogre
  7769 | D:7      | HP: 2/61 [two-headed ogre (14)]
  7774 | D:7      | Reached **** piety under Yredelemnul
  7779 | D:7      | Killed a manticore
  7846 | D:7      | Mangled by a two-headed ogre

Illustrated notes

Levels and vault maps discovered:
D:1:      evilmike_arrival_rings, layout_basic, nrook_mini_vaults,
          minmay_surrounded
D:2:      layout_basic, uniq_terence
D:3:      layout_basic, nicolae_ecumenical_pavilion
D:4:      layout_loops_ring
D:5:      layout_basic, grunt_temple_overflow_cloverleaf, uniq_pikel,
          uniq_prince_ribbit1
D:6:      layout_loops_cross, minmay_temple_entry_gardened_gates,
          serial_co_window_serial, co_window_cross_1, co_window_paths_b,
          co_window_of_opportunity_a, co_window_of_opportunity_a,
          co_window_of_opportunity_a, co_window_of_opportunity_a,
          co_window_paths_b, co_window_cross_3, co_window_unsneaky_path_c,
          co_window_broadway_a, co_window_2corner, due_unseen_surprise
D:7:      minmay_the_grid_square_5x5_3x3 [minmay_the_grid_square_5x5_seven,
          minmay_the_grid_square_5x5_moneybag,
          minmay_the_grid_square_5x5_checkered, minmay_the_grid_square_5x5_z,
          minmay_the_grid_square_5x5_megaprize_open,
          minmay_the_grid_square_5x5_inner_i,
          minmay_the_grid_square_5x5_inner_z,
          minmay_the_grid_square_5x5_checkered_statues,
          minmay_the_grid_square_5x5_doubleslash], layout_gridville
Temple:   compressed_dpeg_circular_temple

Skill      XL: |  1  2  3  4  5  6  7  8  9 10 |
---------------+-------------------------------+-----
Shields        | 4 5 6 |  6.0
Armour         | 4 5 6 7 8 |  8.5
Fighting       | 4 5 6 |  6.7
Axes           | 1 2 3 4 6 7 |  7.9
Dodging        | 1 2 3 5 6 7 |  7.5
Maces & Flails | |  2.9

Action                   |  1- 3 |  4- 6 |  7- 9 | 10-12 || total
-------------------------+-------+-------+-------+-------++-------
Melee: Flail             |    71 |       |       |       ||    71
       Hand axe          |     3 |   121 |   199 |    46 ||   369
Evoke: Wand              |       |       |       |     2 ||     2
  Use: Scroll            |     2 |     4 |     9 |     2 ||    17
       Potion            |       |     3 |     4 |     4 ||    11
 Stab: Distracted        |       |       |     1 |       ||     1
Armor: Scale mail        |    48 |    57 |    58 |       ||   163
       Plate armour      |       |       |    36 |    11 ||    47
Dodge: Dodged            |    28 |    45 |    87 |    15 ||   175
Block: Buckler           |    19 |    13 |    50 |     9 ||    91
